AoeStats
← DukeClapperOfCheekville

Hideout

509315180Analyzed
1v1 RM · 5d ago on Sep 26, 2026· 32m 48s· 2 players
Game mode
Random Map
Map size
Tiny (2 player)
Population
200
Speed
Normal
Resources
Standard
Victory
Conquest
Starting age
Dark Age
Ending age
Imperial Age
RankedLock teamsTeams togetherTeam positionsShared explorationLock speedFull tech treeHidden civsTurbo modeCheats
Victory
Defeat
🇩🇪 Spanish · Germany
1380
+20
🇺🇸 Khmer · United States
1459
-20
Frimbolin
9:09 Loom
10:55 Feudal Age
15:11 Castle Age
14:01 Double-Bit Axe
28:38 Padded Archer Armor
28:43 Devotion
31:25 Leather Archer Armor
31:01 Fletching
DukeClapperOfCheekville
10:08 Feudal Age
12:58 Castle Age
15:59 Loom
17:33 Double-Bit Axe
18:48 Horse Collar
22:57 Bow Saw
29:13 Gold Mining
29:56 Husbandry
Connection lost

Rejoining the realm…

Still unreachable

The connection could not be restored.

Session expired

The server has moved on; the page needs a fresh start.